 Dungeon Crawl Stone Soup version 0.30.0-15-g856e2d3f33 (webtiles) character file.

Game seed: 9550890407779560493

31 SnakkuSnakku7 the Vexing (level 3, 0/30 HPs)
             Began as a Ghoul Hexslinger on May 20, 2023.
             Slain by an adder (1 damage)
             ... on level 2 of the Dungeon.
             The game lasted 00:01:55 (911 turns).

SnakkuSnakku7 the Vexing (Ghoul Hexslinger)          Turns: 911, Time: 00:01:56

Health: 0/30       AC:  9    Str: 15    XL:     3   Next: 22%
Magic:  3/3        EV: 10    Int:  8    God:
Gold:   51         SH:  0    Dex:  9    Spells: 3/4 levels left

rFire   . .          .
                       - Unarmed
rCold   + . .        (no shield)
rNeg    + + +        f - +0 ring mail
rPois   ∞            (no helmet)
rElec   .            g - +0 cloak
rCorr   .            (no gloves)
SInv    .            i - +2 pair of boots
Will    +....        (no amulet) Stlth
                     d - ring of willpower
HPRegen 0.00/turn    (no ring)
MPRegen 0.08/turn

%: no passive effects
@: inhibited regen
A: claws 1, cold resistance 1, negative energy resistance 3, inhibited
regeneration, torment resistance 2, devour on kill
a: no special abilities


You were on level 2 of the Dungeon.
You visited 1 branch of the dungeon, and saw 2 of its levels.

You collected 51 gold pieces.

Inventory:

Hand Weapons
 a - a +1 sling
Armour
 c - a +0 robe
 f - a +0 ring mail (worn)
 g - a +0 cloak (worn)
 i - a +2 pair of boots (worn)
Jewellery
 d - a ring of willpower (left claw)
Wands
 p - a wand of roots (2)
Scrolls
 e - a scroll of fog {unknown}
 j - 2 scrolls of identify {unknown}
 m - a scroll of blinking {unknown}
 n - a scroll of vulnerability {unknown}
Potions
 h - a potion of magic
 k - a potion of resistance {unknown}
 o - a potion of mutation {unknown}


   Skills:
 + Level 2.4 Fighting
 - Level 1.7 Ranged Weapons
 - Level 1.7 Dodging
 + Level 2.0 Unarmed Combat
 - Level 1.0 Spellcasting
 - Level 2.4 Hexes


You had 3 spell levels left.
You knew the following spells:

 Your Spells              Type           Power      Damage    Failure   Level
a - Slow                  Hex            16%        N/A       30%         1

Your spell library contained the following spells:

 Spells                   Type           Power      Damage    Failure   Level
 Inner Flame              Hex/Fire       2%         N/A       82%         3
 Portal Projectile        Hex/Tloc       4%         N/A       82%         3
 Cause Fear               Hex            2%         N/A       96%         4


Dungeon Overview and Level Annotations

Branches:
Dungeon (2/15)

Altars:

Annotations:
D:2 Sigmund


Innate Abilities, Weirdness & Mutations

You are immune to poison.
You have sharp fingernails.
Your flesh is cold resistant. (rC+)
You are immune to negative energy. (rN+++)
You do not regenerate when monsters are visible.
You are immune to unholy pain and torment.
You thrive by killing the living.


Message History

A magic dart appears from out of thin air!
The magic dart hits you.
* * * LOW HITPOINT WARNING * * *
Unknown command.
Something hits you but does no damage.
A magic dart appears from out of thin air!
The magic dart hits you.
* * * LOW HITPOINT WARNING * * *
You see here 4 stones.
It was a potion of curing.
You feel better. Something hits you but does no damage.
A magic dart appears from out of thin air!
The magic dart hits you!
* * * LOW HITPOINT WARNING * * *
Found 9 gold pieces.
You open the door.
An adder comes into view.
The adder hisses angrily.
The adder bites you but does no damage. The adder bites you but does no damage.
The adder bites you but does no damage. The adder attacks as you move away!
The adder closely misses you. The adder barely misses you.
The adder attacks as you move away! The adder bites you.
* * * LOW HITPOINT WARNING * * *
The adder attacks as you move away! The adder bites you but does no damage.
A puff of flame appears from out of thin air!
The puff of flame hits you.
* * * LOW HITPOINT WARNING * * *
The adder attacks as you move away! The adder bites you but does no damage.
The ball python hisses angrily.
The adder bites you but does no damage. The adder attacks as you move away!
The adder misses you.
There is an open door here.
You scratch the adder but do no damage. You claw the adder.
The adder is lightly wounded.
The adder barely misses you. Something hits you but does no damage.
The ball python barely misses you. The ball python closely misses you.
The adder bites you.
You die...

.. #.....# #.####.[.....### ....
#.....####.####.....>.... ....
#.....#..#...#.........<. . .$.
#.....#..#...............
..#.##+####'####'#...............
..#.#............................
..#>...........{...##............
..#..............S###............
.....#'####+####@#.###.>>........
....##..# #.S#.# #...........
....##..# #..#.# #...#####...
.....#### ####.# #...........
!....# #.# #....#####.# .....#
#.# #...## #... .#..## ##
#.###.### ##.## !#.(# .#
#.##...#####...# ....###.#
####....#.......#..


You could see an adder and a ball python.

Vanquished Creatures
  2 dart slugs (D:1)
  5 ball pythons
  3 endoplasms (D:1)
  2 goblins (D:1)
  A hobgoblin (D:1)
  5 bats (D:1)
  A frilled lizard (D:1)
  3 kobolds (D:1)
  4 rats
26 creatures vanquished.

Notes
Turn   | Place    | Note
-------+----------+-------------------------------------------
     0 | D:1      | SnakkuSnakku7 the Ghoul Hexslinger began the quest for the
                  | Orb.
     0 | D:1      | Reached XP level 1. HP: 16/16 MP: 1/1
    58 | D:1      | Reached skill level 1 in Unarmed Combat
    58 | D:1      | Reached XP level 2. HP: 13/24 MP: 2/2
   523 | D:1      | Reached XP level 3. HP: 27/29 MP: 3/3
   853 | D:2      | Noticed Sigmund
   905 | D:2      | HP: 1/30 [something/puff of flame (3)]
   911 | D:2      | Slain by an adder

Illustrated notes

Levels and vault maps discovered:
D:1:      heliophobic_arrival_enchanted_forest, layout_loops_ring
D:2:      layout_rooms, minmay_misc_feat_roman, minmay_misc_feat_tower,
          minmay_snake_closets, uniq_sigmund

Skill      XL: |  1  2  3 |
---------------+----------+-----
Unarmed Combat | 1 2 |  2.0
Fighting       | 2 |  2.4
Ranged Weapons | |  1.7
Dodging        | |  1.7
Spellcasting   | |  1.0
Hexes          | |  2.4

Action                     || total
---------------------------++-------
  Melee: Unarmed           ||    32
         Punch             ||     1
   Fire: Sling             ||    48
  Evoke: Wand              ||     2
    Use: Scroll            ||     2
         Potion            ||     2
 Armour: Robe              ||     8
         Ring mail         ||    25
  Dodge: Dodged            ||    46
